 Dungeon Crawl Stone Soup version 0.28.0-43-g3370ac3207 (webtiles) character file.

Game seed: 748924236910132623

44620 croobank the Cleaver (level 14, -7/130 HPs)
             Began as a Hill Orc Fighter on Mar 29, 2022.
             Was an Elder of Beogh.
             Killed from afar by a deep troll earth mage (36 damage)
             ... with a blast of rock fragments
             ... on level 11 of the Dungeon on Mar 30, 2022.
             The game lasted 01:13:23 (22325 turns).

croobank the Cleaver (Hill Orc Fighter)            Turns: 22325, Time: 01:13:24

Health: -7/130     AC: 19    Str: 24    XL:     14   Next: 29%
Magic:  21/24      EV:  7    Int:  8    God:    Beogh [****..]
Gold:   1093       SH:  7    Dex: 14    Spells: 13/13 levels left

rFire   + . .      SeeInvis .   F - +5 war axe
rCold   + . .      Faith    +   c - +0 buckler
rNeg    . . .      Spirit   .   J - +0 plate armour
rPois   +          Reflect  .   d - +1 helmet
rElec   .          Harm     +   (no cloak)
rCorr   .          Rampage  .   o - +0 pair of gloves
Will    +....      Clarity  +   (no boots)
Stlth   ..........              t - amulet "Jihyut" {Faith Harm rPois rC++ Dex+4}
HPRegen 0.31/turn               f - +4 ring of slaying
MPRegen 0.19/turn               W - ring of fire

@: no status effects
A: clarity, mutation resistance 1, poison resistance, noise suppression
a: Renounce Religion, Smiting, Recall Orcish Followers


You were on level 11 of the Dungeon.
You worshipped Beogh.
Beogh was greatly pleased with you.
You visited 2 branches of the dungeon, and saw 17 of its levels.
You also visited: Bailey.

You collected 1424 gold pieces.
You spent 331 gold pieces at shops.

Inventory:

Hand Weapons
 a - a +1 war axe of flaming
 b - a +0 hunting sling
 B - a +0 hand crossbow
 F - a +5 war axe (weapon)
 G - a +1 long sword of holy wrath
 I - a +0 broad axe of freezing
 N - a +2 dire flail of pain
Missiles
 g - 681 stones
 h - 19 boomerangs
 p - 289 arrows
 w - 6 javelins
 y - 18 poisoned darts
 A - 133 bolts
 C - 121 sling bullets
 V - 4 curare-tipped darts (quivered)
Armour
 c - a +0 buckler (worn)
 d - a +1 helmet (worn)
 m - a +0 pair of boots
 o - a +0 pair of gloves (worn)
 J - a +0 plate armour (worn)
Jewellery
 f - a +4 ring of slaying (left hand)
 s - a ring of willpower
 t - the amulet "Jihyut" (around neck) {Faith Harm rPois rC++ Dex+4}
   (You found it on level 11 of the Dungeon)

   [amulet of faith]

   It allows you to gain divine favour quickly.
   Dex:       It affects your dexterity (+4).
   rC:        It greatly protects you from cold.
   rPois:     It protects you from poison.
   Harm:      It increases damage dealt and taken.
 v - an amulet of magic regeneration
 D - a ring of ice
 O - a ring of resist corrosion
 W - a ring of fire (right hand)
Wands
 l - a wand of mindburst (24)
 E - a wand of flame (22)
 K - a wand of polymorph (16)
 L - a wand of digging (4)
 Q - a wand of iceblast (12)
 S - a wand of paralysis (5)
Scrolls
 i - a scroll of blinking
 j - 9 scrolls of teleportation
 P - 8 scrolls of identify
 R - a scroll of amnesia
 U - a scroll of immolation
 Z - 2 scrolls of fear
Potions
 e - 2 potions of heal wounds
 k - 11 potions of curing
 n - a potion of magic
 r - 2 potions of flight
 u - 4 potions of invisibility
 x - 4 potions of lignification
 z - 4 potions of brilliance
 H - 2 potions of cancellation
 M - 6 potions of might
 T - 2 potions of ambrosia
 X - a potion of attraction {unknown}
Miscellaneous
 q - a lightning rod (4/4)
 Y - a box of beasts


   Skills:
 + Level 13.7 Fighting
 + Level 14.6 Axes
 + Level 12.6 Armour
 + Level 12.6 Shields
 + Level 14.0 Invocations


You had 13 spell levels left.
You didn't know any spells.
Your spell library contained the following spells:

 Spells                   Type           Power      Damage    Failure   Level
 Slow                     Hex            0%         N/A       99%         1
 Static Discharge         Conj/Air       0%         N/A       100%        2
 Confusing Touch          Hex            0%         N/A       100%        3
 Vampiric Draining        Necr           0%         2d6       100%        3
 Dispel Undead            Necr           0%         3d6       100%        4
 Olgreb's Toxic Radiance  Pois           0%         N/A       100%        4
 Sticky Flame             Conj/Fire      0%         2d3       100%        4
 Alistair's Intoxication  Tmut/Pois      0%         N/A       100%        5
 Haunt                    Necr/Summ      0%         N/A       100%        7
 Borgnjor's Revivificati  Necr           0%         N/A       100%        8
 Necromutation            Tmut/Necr      0%         N/A       100%        8
 Death's Door             Necr           0%         N/A       100%        9


Dungeon Overview and Level Annotations

Branches:
Dungeon (11/15)            Temple (0/1) D:4            Lair (6/6) D:8
  Swamp (0/4) Lair:2       Spider (0/4) Lair:2        Slime (0/5) Lair:6
 Bailey (visited)
    Orc: D:9-12

Altars:
Hepliaklqana
Okawaru
Trog
Vehumet
The Shining One
Jiyva

Shops:
D:3 *   D:4 ?   D:6 *([?

Annotations:
D:2 Sigmund
D:9 2 transporters, pkoi's ghost, novice DgFi
Lair:3 3 runed translucent doors, Sadonosm's ghost, journeyman DgSk
Lair:5 1 runed translucent door, dcgrp's ghost, journeyman GnTm


Innate Abilities, Weirdness & Mutations

You possess an exceptional clarity of mind.
You are somewhat resistant to further mutation.
Your system is resistant to poisons. (rPois)
You passively dampen the noise of your surroundings.


Message History

The deep troll earth mage barely misses Boderik.
Something hits Boderik!
Your orc wizard drinks a potion.
Your orc wizard is healed!
Boderik hits the deep troll earth mage with a +5 dire flail!
The deep troll earth mage closely misses Boderik.
The deep troll earth mage completely misses Boderik.
The deep troll earth mage barely misses Boderik.
Something hits Boderik!
Boderik closely misses the deep troll earth mage.
The deep troll earth mage bites Boderik.
The deep troll earth mage claws Boderik but does no damage.
The deep troll earth mage barely misses Boderik.
Something hits Boderik!!
Boderik closely misses something.
The deep troll earth mage bites Boderik!!
The deep troll earth mage claws Boderik!!
The deep troll earth mage claws Boderik but does no damage.
Something hits Boderik but does no damage.
Boderik closely misses the deep troll earth mage.
The deep troll earth mage points at you and mumbles some strange words.
The stone door frame shatters!
The blast of rock fragments hits you but does no damage.
The blast of rock fragments hits Boderik!!
The flayed ghost hits Boderik!
There is an open door here.
Aiming: Smiting
Press: ? - help, Dir - move target, f - flayed ghost Smite: a flayed ghost (heavily damaged)
You smite the flayed ghost!!
You destroy the flayed ghost!
Beogh accepts your kill.
Beogh blesses your orc wizard with healing.
The terrible wounds on your body vanish.
You can no longer walk on water.
You can no longer give items to your followers.
Your orc wizard no longer looks unusually strong.
Boderik hits the deep troll earth mage with a +5 dire flail.
The deep troll earth mage points next to you and mumbles some strange words.
The wall shatters!
The blast of rock fragments hits you!!
You die...

####### #.....######
#........... #..#'########
#..#[.#^T#..# #..#..#.$oo.#
#..##'#+##@## #..#..# #..#
#..#..# #..#..#
#..##÷####'##..#
#..#..).o†..#..#
#..#..#..#..#..#
#..##########..############
#...o......................
#.##......................>


You could see a deep troll earth mage (ally target), the friendly Boderik the
orc warlord and a friendly orc wizard (invisible).

Vanquished Creatures
  Gastronok (Lair:3)
  Josephine (D:11)
  An ettin (D:11)
  2 vault guards (Bailey)
  3 catoblepae
  A hydra (D:11)
  5 death yaks
  A flayed ghost (D:11)
  3 lindwurms (Lair:5)
  2 manticores
  A wolf spider (Lair:2)
  An elephant (Lair:6)
  2 black mambas
  9 cane toads
  A rime drake (Lair:3)
  2 komodo dragons
  A yaktaur (D:11)
  A polar bear (Lair:5)
  Prince Ribbit (Bailey)
  A hornet (D:10)
  6 blink frogs
  2 wraiths
  3 wyverns
  31 yaks
  3 humans (Bailey)
  2 redbacks (Lair:2)
  3 basilisks
  A steam dragon (D:8)
  3 swamp worms (Lair:2)
  9 water moccasins
  A black bear (D:5)
  2 orc warriors (D:8)
  A necrophage (D:4)
  An ice beast (D:5)
  2 sky beasts
  2 ogres
  2 wolves (Lair:5)
  2 centaurs
  A phantom (D:6)
  A kobold brigand (D:7)
  17 bullfrogs
  A gnoll sergeant (D:11)
  2 scorpions
  24 killer bees
  11 wights
  7 howler monkeys
  2 bullfrog zombies
  2 centaur zombies
  A bullfrog skeleton (D:6)
  A gnoll shaman (D:4)
  6 hounds
  An orc priest (D:8)
  3 iguanas
  Natasha (D:2)
  6 orc wizards
  A howler monkey zombie (D:5)
  Robin (D:2)
  5 gnolls
  11 adders
  2 white imps
  An adder skeleton (D:4)
  2 worms
  2 dart slugs (D:3)
  20 orcs
  8 ball pythons
  4 endoplasms
  A giant cockroach (D:1)
  27 goblins
  15 hobgoblins
  5 jackals
  4 bats
  8 frilled lizards
  11 kobolds
  4 rats
335 creatures vanquished.

Vanquished Creatures (collateral kills)
  2 hydras (Lair:6)
  A catoblepas (Lair:6)
  9 death yaks
  Sonja (Lair:2)
  An oklob plant (Lair:4)
  A manticore (Lair:6)
  2 elephants (Lair:6)
  A torpor snail (Lair:6)
  6 black mambas
  A gargoyle (D:11)
  6 cane toads
  5 komodo dragons
  A troll (D:10)
  A polar bear (Lair:6)
  7 blink frogs
  A culicivora (Lair:2)
  A vampire (D:10)
  3 wraiths
  4 wyverns
  18 yaks
  A swamp worm (Lair:2)
  An acid dragon (D:11)
  8 water moccasins
  3 wolves (Lair:5)
  3 bullfrogs
  3 wights
  A killer bee (D:9)
  A howler monkey (D:9)
  An orc priest (D:9)
  4 hell rats (Lair:5)
  An orc wizard (D:11)
  2 gnolls (D:11)
  An orc (D:11)
  2 bushes
104 creatures vanquished.

Vanquished Creatures (others)
  An orc warrior (D:11)
  A gnoll (D:11)
  4 orcs
  A rat (D:3)
  23 fungi
  65 plants
95 creatures vanquished.

Grand Total: 534 creatures vanquished

Notes
Turn   | Place    | Note
-------+----------+-------------------------------------------
     0 | D:1      | croobank the Hill Orc Fighter began the quest for the Orb.
     0 | D:1      | Reached XP level 1. HP: 19/19 MP: 1/1
   117 | D:1      | Found a faded altar of an unknown god.
   154 | D:1      | Reached XP level 2. HP: 27/27 MP: 2/2
   621 | D:1      | Reached XP level 3. HP: 33/33 MP: 3/3
  1362 | D:3      | Found Qeanogab's General Store.
  1431 | D:3      | Reached XP level 4. HP: 41/41 MP: 4/4
  1580 | D:3      | Found a faded altar of an unknown god.
  1580 | D:3      | Found a hazy altar of Hepliaklqana.
  1581 | D:3      | Found a faded altar of an unknown god.
  1581 | D:3      | Found a faded altar of an unknown god.
  1705 | D:3      | Became a worshipper of Beogh the Brigand
  1994 | D:2      | Reached XP level 5. HP: 29/47 MP: 5/5
  2254 | D:2      | Reached skill level 1 in Invocations
  2260 | D:2      | Reached * piety under Beogh
  2348 | D:2      | Noticed Sigmund
  2354 | D:2      | Noticed Robin
  2356 | D:2      | Killed Robin
  2386 | D:2      | Noticed Natasha
  2394 | D:2      | Killed Natasha
  2400 | D:2      | Gained mutation: Your system is resistant to poisons.
                  | (rPois) [potion of mutation]
  2400 | D:2      | Gained mutation: You possess an exceptional clarity of
                  | mind. [potion of mutation]
  2400 | D:2      | Gained mutation: You passively dampen the noise of your
                  | surroundings. [potion of mutation]
  2400 | D:2      | Gained mutation: You are somewhat resistant to further
                  | mutation. [potion of mutation]
  3022 | D:4      | Found a staircase to the Ecumenical Temple.
  3283 | D:4      | Found Lurorch's Magic Scroll Shoppe.
  3293 | D:4      | Reached skill level 5 in Fighting
  3293 | D:4      | Reached XP level 6. HP: 52/56 MP: 7/7
  3357 | D:4      | Bought a scroll of identify for 22 gold pieces
  3473 | D:4      | Bought a scroll of identify for 22 gold pieces
  3473 | D:4      | Bought a scroll of identify for 22 gold pieces
  3473 | D:4      | Bought a scroll of teleportation for 33 gold pieces
  3899 | D:4      | Reached skill level 5 in Axes
  3899 | D:4      | Reached XP level 7. HP: 60/61 MP: 9/9
  4135 | D:5      | Entered Level 5 of the Dungeon
  4148 | D:4      | Reached skill level 5 in Armour
  4148 | D:4      | Reached skill level 5 in Shields
  4191 | D:5      | Reached ** piety under Beogh
  4349 | D:5      | Reached XP level 8. HP: 30/70 MP: 9/11
  5260 | D:6      | Reached skill level 5 in Invocations
  5385 | D:6      | Found Onottymi's Assorted Antiques.
  5392 | D:6      | Bought a potion of might for 120 gold pieces
  5392 | D:6      | Bought a scroll of identify for 60 gold pieces
  5411 | D:6      | Found a radiant altar of Vehumet.
  5436 | D:6      | Found Pacaunnehe's Weapon Emporium.
  5473 | D:6      | Found Puysiseca's Armour Shop.
  5577 | D:6      | Found Eskoepp's Magic Scroll Boutique.
  5593 | D:6      | Reached XP level 9. HP: 79/79 MP: 13/13
  5595 | D:6      | Bought 2 scrolls of identify for 52 gold pieces
  6728 | D:7      | Noticed a komodo dragon
  6741 | D:7      | Killed a komodo dragon
  7101 | D:7      | Found a bloodstained altar of Trog.
  7764 | D:8      | Found a flagged portal.
  7775 | D:8      | Reached XP level 10. HP: 89/89 MP: 15/15
  7900 | Bailey   | Entered a bailey
  7976 | Bailey   | Reached *** piety under Beogh
  8144 | Bailey   | Noticed Prince Ribbit
  8144 | Bailey   | Noticed a vault guard
  8153 | Bailey   | Killed a vault guard
  8162 | Bailey   | Killed Prince Ribbit
  8548 | Bailey   | Noticed a vault guard
  8561 | Bailey   | Killed a vault guard
  8650 | D:8      | Found a staircase to the Lair.
  8897 | D:8      | Reached skill level 10 in Axes
  8917 | D:8      | Reached XP level 11. HP: 39/97 MP: 17/17
  9978 | D:9      | Found a transporter.
  9987 | D:9      | Noticed a tengu warrior
  9988 | D:9      | Found a bloodstained altar of Trog.
  9988 | D:9      | Noticed pkoi's ghost (novice DgFi)
  9988 | D:9      | Noticed a two-headed ogre
  9990 | D:9      | Noticed a moth of wrath
  9990 | D:9      | Noticed a two-headed ogre
 10439 | D:9      | Found a glowing golden altar of the Shining One.
 10472 | D:9      | Noticed a two-headed ogre
 10482 | D:9      | Found a transporter.
 10576 | D:10     | Entered Level 10 of the Dungeon
 10645 | D:10     | Reached skill level 10 in Fighting
 10832 | D:10     | Gained Boderik as an ally
 11182 | D:10     | Found an iron altar of Okawaru.
 11844 | Lair:1   | Entered Level 1 of the Lair of Beasts
 12096 | Lair:1   | Reached skill level 10 in Invocations
 12431 | Lair:2   | Noticed Sonja
 12439 | Lair:2   | Killed Sonja
 12588 | Lair:2   | Noticed a wolf spider
 12596 | Lair:2   | Killed a wolf spider
 12745 | Lair:2   | Found a hole to the Spider Nest.
 12944 | Lair:2   | Reached skill level 10 in Armour
 13215 | Lair:2   | Reached skill level 10 in Shields
 13364 | Lair:2   | Found a staircase to the Swamp.
 13369 | Lair:2   | Reached XP level 12. HP: 99/108 MP: 15/20
 14063 | Lair:3   | Reached **** piety under Beogh
 14326 | Lair:3   | Noticed Gastronok
 14336 | Lair:3   | Killed Gastronok
 14610 | Lair:3   | Found a runed translucent gate.
 14610 | Lair:3   | Found a runed translucent gate.
 14611 | Lair:3   | Found a runed translucent gate.
 14618 | Lair:3   | Noticed Sadonosm's ghost (journeyman DgSk)
 14846 | Lair:3   | Noticed a death yak
 14852 | Lair:3   | Noticed a death yak
 14852 | Lair:3   | Noticed a death yak
 14855 | Lair:3   | Noticed a death yak
 14855 | Lair:3   | Noticed a death yak
 14855 | Lair:3   | Noticed a death yak
 14856 | Lair:3   | Killed a death yak
 14863 | Lair:3   | Killed a death yak
 14873 | Lair:3   | Killed a death yak
 14874 | Lair:3   | Killed a death yak
 14883 | Lair:3   | Killed a death yak
 14922 | Lair:3   | Killed a death yak
 16944 | Lair:5   | Reached XP level 13. HP: 118/118 MP: 22/22
 17961 | Lair:5   | Found a runed translucent door.
 17961 | Lair:5   | Noticed dcgrp's ghost (journeyman GnTm)
 18694 | Lair:6   | Entered Level 6 of the Lair of Beasts
 19184 | Lair:6   | Found a viscous altar of Jiyva.
 19185 | Lair:6   | Found a staircase to the Slime Pits.
 20039 | Lair:6   | Reached ***** piety under Beogh
 20056 | Lair:6   | Reached XP level 14. HP: 77/129 MP: 20/24
 21684 | D:11     | Noticed Josephine
 21690 | D:11     | Killed Josephine
 21701 | D:11     | Identified the amulet "Jihyut" {Faith Harm rPois rC++
                  | Dex+4}
 21881 | D:11     | Got Ryen's Almanac of Envenoming and Creation
 21914 | D:11     | Found a runed translucent door.
 22325 | D:11     | Killed from afar by a deep troll earth mage

Illustrated notes

Levels and vault maps discovered:
D:1:      dpeg_arrival_morbid_curiosity, layout_loops_ring,
          chequers_ecumenical_altar_simple_redux, hangedman_decor_opposing
D:2:      kb_forest_paths, layout_rooms, hex_intersection, uniq_robin,
          uniq_sigmund, uniq_natasha
D:3:      layout_basic, nicolae_hepliaklqana_ecumenical_no_more, serial_shops,
          shop_statue
D:4:      layout_gridville, minmay_temple_entry_waves, kennysheep_windowed_goal
D:5:      layout_layer_cave, moated_statue
D:6:      layout_cave_pools, nicolae_vehumet_altar_sigil, serial_shops, shop,
          nicolae_shop_hallway_plus, shop, shop, grunt_ministairs_4
D:7:      layout_loops_ring, bloody_trog, minmay_misc_feat_room,
          minmay_lizard_king
D:8:      layout_gridville, lair_entry_dummy, enter_bailey_5, st_stairs_14
D:9:      layout_roguey, nicolae_tso_swordbearing_angel,
          gammafunk_ghost_wrathful_warriors
D:10:     layout_basic, kennysheep_mini_moat
D:11:     layout_cross, minivault_13, uniq_josephine
Lair:1:   layout_chaotic_city, serial_bayou_shore_a, grunt_megastairs_2
Lair:2:   layout_long_grid, minmay_swamp_entry_worms,
          spider_nest_entry_funnel_web, chequers_serial_rivers_large_a,
          uniq_sonja
Lair:3:   layout_roguey, gammafunk_ghost_necromancy,
          grunt_forest_small_clearings, uniq_gastronok
Lair:4:   layout_layer_cave, minmay_lair_oklob_bushes
Lair:5:   layout_hall_layers, hellmonk_ghost_happy_afterlife,
          nicolae_lair_lindhole
Lair:6:   evilmike_catoblepas_cave, layout_regular_city, slime_altar_1,
          minivault_19, serial_bayou_lagoon_b

Skill      XL: |  1  2  3  4  5  6  7  8  9 10 11 12 13 14 |
---------------+-------------------------------------------+-----
Axes           | 3 4 5 7 8 10 11 12 14 | 14.6
Fighting       | 4 5 6 7 8 9 10 12 13 | 13.7
Shields        | 4 5 6 7 8 10 11 12 | 12.6
Armour         | 4 5 6 7 8 10 11 12 | 12.6
Invocations    | 2 4 5 7 9 10 12 13 14 | 14.0

Action                   |  1- 3 |  4- 6 |  7- 9 | 10-12 | 13-15 || total
-------------------------+-------+-------+-------+-------+-------++-------
Melee: War axe           |    80 |   143 |   187 |   403 |   296 ||  1109
Throw: Throwing net      |       |     1 |       |       |       ||     1
       Boomerang         |       |     7 |    44 |     1 |       ||    52
       Dart              |       |       |       |     3 |       ||     3
Invok: Convert to Beogh  |       |     1 |       |       |       ||     1
       Smiting           |       |       |     1 |    13 |     6 ||    20
       Recall Orcish Fol |       |       |       |       |     1 ||     1
       Give Item to Name |       |       |       |       |     1 ||     1
Evoke: Wand              |       |       |       |    12 |       ||    12
       Box of beasts     |       |       |       |     1 |       ||     1
  Use: Potion            |       |     5 |     1 |     3 |     2 ||    11
       Scroll            |       |    12 |     5 |    12 |       ||    29
 Stab: Held in net/web   |       |     1 |       |       |       ||     1
       Distracted        |       |       |       |     2 |     2 ||     4
       Petrified         |       |       |       |       |     6 ||     6
Armor: Scale mail        |    40 |    58 |    84 |    24 |       ||   206
       Plate armour      |       |       |       |   166 |   190 ||   356
Dodge: Dodged            |    44 |    73 |    58 |   131 |    95 ||   401
Block: Buckler           |    16 |    34 |    45 |   125 |    92 ||   312
